 Dungeon Crawl Stone Soup version 0.22-a0-162-g33bf127 (webtiles) character file.

298 Amnesiac the Magician (level 6, 0/41 HPs)
             Began as a Mummy Earth Elementalist on Feb 12, 2018.
             Slain by a hippogriff (11 damage)
             ... on level 4 of the Dungeon.
             The game lasted 00:05:17 (2353 turns).

Amnesiac the Magician (Mummy Earth Elementalist)    Turns: 2353, Time: 00:05:17

Health: 0/41       AC:  3    Str: 11    XL:     6   Next: 13%
Magic:  0/11       EV: 12    Int: 17    God:
Gold:   97         SH:  0    Dex: 12    Spells: 5/12 levels left

rFire    x . .     SeeInvis .   a - +2 dagger (venom)
rCold    + . .     Gourm    .   (no shield)
rNeg     + + +     Faith    .   c - +0 robe
rPois    ∞         Spirit   .   j - +0 helmet
rElec    .         Reflect  .   (no cloak)
rCorr    .         Harm     .   (no gloves)
MR       .....                  (no boots)
Stlth    ++........             (no amulet)
HPRegen  0.13/turn              (no ring)
MPRegen  0.12/turn              (no ring)

@: very slightly contaminated
A: no food or potions, fire vulnerability, cold resistance 1, negative energy
resistance 3, torment resistance, unbreathing
a: no special abilities


You were on level 4 of the Dungeon.
You were not hungry.

You visited 1 branch of the dungeon, and saw 4 of its levels.

You collected 97 gold pieces.

Inventory:

Hand Weapons
 a - a +2 dagger of venom (weapon)
 b - a +0 dagger of freezing
Missiles
 k - 17 stones (quivered)
Armour
 c - a +0 robe (worn)
 j - a +0 helmet (worn)
Wands
 l - a wand of iceblast (11)
Scrolls
 e - a scroll of blinking {!r, unknown}
 f - a scroll of teleportation {!r, unknown}
 h - a scroll of enchant armour {!r, unknown}
Books
 d - a book of Geomancy

   Spells                             Type                      Level
   a - Sandblast                      Earth                        1
   b - Passwall                       Transmutation/Earth          2
   c - Stone Arrow                    Conjuration/Earth            3
   d - Petrify                        Transmutation/Earth          4
   e - Lee's Rapid Deconstruction     Earth                        5
 g - a book of Maledictions

   Spells                             Type                      Level
   a - Corona                         Hexes                        1
   b - Ensorcelled Hibernation        Hexes/Ice                    2
   c - Confuse                        Hexes                        3
   d - Tukima's Dance                 Hexes                        3
   e - Dazzling Spray                 Conjuration/Hexes            3


   Skills:
 + Level 1.9 Short Blades
 - Level 1.5 Dodging
 - Level 1.5 Stealth
 - Level 3.5 Spellcasting
 - Level 3.5 Transmutations
 - Level 3.5 Earth Magic


You had 5 spell levels left.
You knew the following spells:

 Your Spells              Type           Power        Failure   Level  Hunger
a - Sandblast             Erth           ##....       4%          1    N/A
b - Passwall              Tmut/Erth      ##........   6%          2    N/A
e - Petrify               Tmut/Erth      ##......     36%         4    N/A

Dungeon Overview and Level Annotations

Branches:
Dungeon (4/15)
 Temple: D:4-7

Altars:

Annotations:
D:2 exclusion: downstairs
D:3 exclusion: downstairs, Grinder
D:4 Blork the orc


Innate Abilities, Weirdness & Mutations

You do not eat or drink.
Your flesh is vulnerable to fire.
You are immune to poison.
Your flesh is cold resistant. (rC+)
You are immune to negative energy. (rN+++)
You are immune to unholy pain and torment.
You can survive without breathing.


Message History

You start resting.
Magic restored.
You start resting.
Magic restored.
You start resting.
HP restored.
You start resting.
Items here: ! ( )) [ †
There is a stone staircase leading down here.
Things that are here:
a tomahawk; a +1 dagger of venom HP restored.
Found a stone staircase leading down.
A hippogriff comes into view.
The hippogriff screeches!
Found 12 gold pieces.
A hippogriff is nearby!
A hippogriff is nearby!
Casting: Sandblast (safe; 4% risk of failure)
Confirm with . or Enter, or press ? or * to list all spells.
Aiming: Petrify (quite dangerous; 36% risk of failure)
Press: ? - help, Shift-Dir - straight line, f - hippogriff
Aim: a hippogriff (chance to defeat MR: 40%)
You miscast Petrify.
You are very lightly contaminated with residual magic.
Your body is twisted very painfully!
Unknown command.
Casting: Petrify (quite dangerous; 36% risk of failure)
Confirm with . or Enter, or press ? or * to list all spells.
Aiming: Petrify (quite dangerous; 36% risk of failure)
Press: ? - help, Shift-Dir - straight line, f/p - hippogriff
Aim: a hippogriff (chance to defeat MR: 40%)
The hippogriff resists with some effort.
Unknown command.
Casting: Petrify (quite dangerous; 36% risk of failure)
Confirm with . or Enter, or press ? or * to list all spells.
You don't have enough magic to cast that spell.
Unknown command.
Casting: Petrify (quite dangerous; 36% risk of failure)
Confirm with . or Enter, or press ? or * to list all spells.
Aiming: Petrify (quite dangerous; 36% risk of failure)
Press: ? - help, Shift-Dir - straight line, f/p - hippogriff
Aim: a hippogriff (chance to defeat MR: 40%)
You miscast Petrify.
Nothing appears to happen.
Unknown command.
You barely miss the hippogriff.
The hippogriff bites you but does no damage.
The hippogriff pecks you. The hippogriff claws you.
You hit the hippogriff.
The hippogriff is poisoned.
The hippogriff is lightly wounded.
The hippogriff misses you. The hippogriff barely misses you. x2
You barely miss the hippogriff.
The hippogriff is lightly wounded.
The hippogriff bites you!
* * * LOW HITPOINT WARNING * * *
The hippogriff pecks you.
* * * LOW HITPOINT WARNING * * *
The hippogriff claws you.
* * * LOW HITPOINT WARNING * * *
You hit the hippogriff.
The hippogriff looks as sick as possible!
The hippogriff is moderately wounded.
The hippogriff bites you!
You die...

...........................####(#
###################......#.......
#..8..##.####.. #.....##.......
#.....##.####.# #.#..###.## #.#
##### ###...###...###.#
#######...#######...............#
......#.#......H@.#######...#####
#####.#...######### #########
#.##.## #######.......% #.##.#
#.......####### #!##.# #.#######
# #.##.# #.# # #.##># #.# #.##..
#.# #.###. #.#


You could see a hippogriff.

Vanquished Creatures
  A bullfrog zombie (D:4)
  A centaur skeleton (D:4)
  Ijyb (D:4)
  Natasha (D:4)
  3 orc wizards (D:4)
  Robin (D:3)
  4 adders
  2 adder zombies (D:4)
  An adder skeleton (D:4)
  A dart slug (D:3)
  A leopard gecko (D:2)
  7 orcs
  2 giant cockroaches
  13 goblins
  4 hobgoblins (D:3)
  A jackal (D:1)
  A quokka (D:4)
  3 bats
  4 frilled lizards
  2 kobolds
  A leopard gecko skeleton (D:4)
  A rat (D:1)
56 creatures vanquished.

Vanquished Creatures (others)
  A withered plant (D:4)
1 creature vanquished.

Grand Total: 57 creatures vanquished

Notes
Turn   | Place    | Note
-------+----------+-------------------------------------------
     0 | D:1      | Amnesiac the Mummy Earth Elementalist began the quest for the Orb.
     0 | D:1      | Reached XP level 1. HP: 13/13 MP: 4/4
   266 | D:2      | Reached XP level 2. HP: 9/19 MP: 5/5
   375 | D:2      | Learned a level 2 spell: Passwall
   399 | D:3      | Noticed Robin
   612 | D:3      | Killed Robin
   612 | D:3      | Reached XP level 3. HP: 8/24 MP: 8/8
   812 | D:4      | Noticed Blork the orc
   945 | D:4      | Reached skill level 1 in Transmutations
   945 | D:4      | Reached XP level 4. HP: 14/30 MP: 5/9
  1101 | D:3      | Noticed Grinder
  1304 | D:4      | Learned a level 4 spell: Petrify
  1333 | D:4      | Noticed Natasha
  1336 | D:4      | Killed Natasha
  1336 | D:4      | Reached XP level 5. HP: 30/35 MP: 6/10
  1850 | D:4      | Noticed Ijyb
  1889 | D:4      | Killed Ijyb
  1889 | D:4      | Reached skill level 1 in Short Blades
  2009 | D:4      | Reached XP level 6. HP: 21/41 MP: 4/11
  2334 | D:4      | Noticed a hippogriff
  2353 | D:4      | Slain by a hippogriff

Vault maps used:
D:1:      dpeg_arrival_renting, columned_hall_lemuel
D:3:      first_ration, uniq_robin, uniq_grinder, uniq_sigmund
D:4:      serial_undead, serial_undead_e, serial_undead_e, serial_undead_b,
          serial_undead_d, serial_undead_e, uniq_ijyb, uniq_natasha,
          uniq_blork_the_orc

Skill      XL: |  1  2  3  4  5 |
---------------+----------------+-----
Earth Magic    | 3 |  3.5
Spellcasting   | 3 |  3.5
Transmutations | 1 2 3 |  3.5
Short Blades   | 1 |  1.9
Dodging        | |  1.5
Stealth        | |  1.5

Action                   |  1- 3 |  4- 6 || total
-------------------------+-------+-------++-------
Melee: Dagger            |    56 |    57 ||   113
 Cast: Sandblast         |    17 |    55 ||    72
       Petrify           |       |     3 ||     3
  Use: Scroll            |       |     1 ||     1
 Stab: Sleeping          |       |     1 ||     1
       Petrified         |       |    12 ||    12
Armor: Robe              |     5 |    12 ||    17
Dodge: Dodged            |    53 |    55 ||   108

Table legend:
 A = Spawn XP
 B = Non-spawn XP
 C = Spawn XP percentage of total XP
 D = Spawn monster count
 E = Non-spawn monster count
 F = Spawn count percentage of total count
 G = Total turns spent on level
                    A         B        C        D         E        F      G
               +---------+---------+-------+---------+---------+-------+---------
         Total |       0 |     426 |   0.0 |       0 |      56 |   0.0 |  2353
               +---------+---------+-------+---------+---------+-------+---------
           D:1 |       0 |       8 |   0.0 |       0 |       6 |   0.0 |   143
           D:2 |       0 |      10 |   0.0 |       0 |       6 |   0.0 |   360
           D:3 |       0 |      71 |   0.0 |       0 |      23 |   0.0 |   566
           D:4 |       0 |     337 |   0.0 |       0 |      21 |   0.0 |  1284
               +---------+---------+-------+---------+---------+-------+---------
